 Dungeon Crawl Stone Soup version 0.26.1-2-gb8aa6d0 (webtiles) character file.

Game seed: 6839220705201774699

56 Geeful the Sneak (level 3, 0/26 HPs)
             Began as an Octopode Delver on Mar 27, 2021.
             Slain by a bat zombie (1 damage)
             ... on level 5 of the Dungeon.
             The game lasted 00:03:02 (432 turns).

Geeful the Sneak (Octopode Delver)                   Turns: 432, Time: 00:03:02

Health: 0/26       AC:  1    Str: 11    XL:     3   Next: 95%
Magic:  3/3        EV: 14    Int: 13    God:
Gold:   18         SH:  0    Dex: 13    Spells: 2/2 levels left

rFire    . . .     SeeInvis .   a - +0 short sword
rCold    . . .     Faith    .   (no shield)
rNeg     . . .     Spirit   .   (helmet restricted)
rPois    .         Reflect  .   (no amulet)
rElec    .         Harm     .   (no ring)
rCorr    .         Rampage  .   (no ring)
Will     .....                  (no ring)
Stlth    ++++......             (no ring)
HPRegen  0.08/turn              (no ring)
MPRegen  0.08/turn              (no ring)
                                (no ring)
                                (no ring)

@: lethally poisoned (0 -> -7), hasted, very quick
A: almost no armour, stealthy swim, amphibious, 8 rings, constrict 8, camouflage
1, gelatinous body 1
a: no special abilities


You were on level 5 of the Dungeon.
You visited 1 branch of the dungeon, and saw 3 of its levels.

You collected 18 gold pieces.

Inventory:

Hand Weapons
 a - a +0 short sword (weapon)
Wands
 f - a wand of digging (3)
Scrolls
 b - a scroll of fog
 c - a scroll of magic mapping
 d - a scroll of fear


   Skills:
 + Level 3.6 Fighting
 - Level 2.0 Short Blades
 + Level 2.8 Dodging
 + Level 7.3 Stealth


You had 2 spell levels left.
You didn't know any spells.
Your spell library was empty.

Dungeon Overview and Level Annotations

Branches:
Dungeon (6/15)
 Temple: D:4-7

Altars:
Kikubaaqudgha

Annotations:
D:5 exclusion: 3 orc wizards


Innate Abilities, Weirdness & Mutations

You cannot wear most types of armour.
You are very stealthy in the water. (Stealth+)
You are amphibious.
You can wear up to eight rings at the same time.
You can use your tentacles to constrict eight enemies at once.
Your skin changes colour to match your surroundings (Stealth+).
Your rubbery body absorbs attacks. (AC +1, EV +1)


Message History

* * * LOW HITPOINT WARNING * * *
You feel sick.
* * * LOW HITPOINT WARNING * * *
You feel sick.
* * * LOW HITPOINT WARNING * * *
You feel sick.
Your surroundings suddenly seem different.
Found a scroll of teleportation.
Found an ancient bone altar of Kikubaaqudgha. 2 zombies come into view.
* * * LOW HITPOINT WARNING * * *
You feel sick.
The helpless rat zombie fails to defend itself.
You impale the rat zombie!!
You destroy the rat zombie!
The bat zombie misses you. The bat zombie barely misses you.
* * * LOW HITPOINT WARNING * * *
You feel sick. The bat zombie completely misses you. The bat zombie hits you.
You die...

./# #.# o #.# #. #.#
###. ###.### # #...
#≈...≈# .##...
#≈...≈### .....
#≈.@.≈#.#########...
#≈.Z.≈#.#.......#...
#≈...≈#.#.#####.#...
#≈...≈#.#...........
#≈...≈#.#....#..#...
#≈..?≈#......#......
###.###............#
#.# #..>...#.#...#
#_# #.#...##.#....


You could see a bat zombie.

Vanquished Creatures
  A worker ant (D:5)
  2 adders
  An adder zombie (D:5)
  An adder skeleton (D:4)
  2 orcs
  A rat zombie (D:5)
8 creatures vanquished.

Notes
Turn   | Place    | Note
-------+----------+-------------------------------------------
     0 | D:5      | Geeful the Octopode Delver began the quest for the Orb.
     0 | D:5      | Reached XP level 1. HP: 16/16 MP: 1/1
    10 | D:6      | Reached XP level 2. HP: 21/21 MP: 2/2
   166 | D:5      | Reached skill level 7 in Stealth
   216 | D:4      | Reached XP level 3. HP: 26/26 MP: 3/3
   428 | D:5      | Found an ancient bone altar of Kikubaaqudgha.
   431 | D:5      | HP: 1/26 [poisoned by a worker ant]
   432 | D:5      | Slain by a bat zombie

Illustrated notes

Levels and vault maps discovered:
D:4:      layout_layer_cave, zin_scriptorium, serial_shops, nicolae_shop_trees,
          uniq_blork_the_orc
D:5:      layout_loops_cross, lemuel_round_altar,
          lemuel_zombie_altar_kikubaaqudgha, basic_altar, kennysheep_crisscross
D:6:      layout_gridville, kennysheep_okawaru_gauntlet

Skill      XL: |  1  2 |
---------------+-------+-----
Stealth        | 7 |  7.3
Fighting       | |  3.6
Short Blades   | |  2.0
Dodging        | |  2.8

Action                   || total
-------------------------++-------
Melee: Short sword       ||    20
       Constrict         ||     3
       Tentacles         ||     3
  Use: Scroll            ||     2
       Potion            ||     1
 Stab: Sleeping          ||     5
Dodge: Dodged            ||    14
